 Dungeon Crawl Stone Soup version 0.26-a0-682-g294304f6e8 (webtiles) character file.

Game seed: 5743885602812087967

16994 DogServant the Quickloader (level 12, -2/115 HPs)
             Began as a Gargoyle Hunter on Oct 20, 2020.
             Was a High Priest of Uskayaw.
             Slain by a boulder beetle (13 damage)
             ... on level 12 of the Dungeon.
             The game lasted 00:40:44 (17145 turns).

DogServant the Quickloader (Gargoyle Hunter)       Turns: 17145, Time: 00:40:45

Health: -2/115     AC: 26    Str: 17    XL:     12   Next: 43%
Magic:  16/16      EV:  2    Int: 18    God:    Uskayaw [*****.]
Gold:   314        SH:  0    Dex: 12    Spells: 8/11 levels left

rFire    + . .     SeeInvis .   v - +2 long sword of Jepih {freeze, rF+ Str-4 Dex+2}
rCold    . . .     Faith    .   (no shield)
rNeg     + + +     Spirit   .   (armour currently unavailable)
rPois    ∞         Reflect  .   (helmet currently unavailable)
rElec    .         Harm     .   (cloak currently unavailable)
rCorr    .         Rampage  .   (gloves currently unavailable)
MR       .....     NoTele   +   (boots currently unavailable)
Stlth    ++........             i - amulet of magic regeneration
HPRegen  0.69/turn              f - ring of positive energy
MPRegen  0.40/turn              q - +6 ring of intelligence

@: tree-form (expiring)
A: negative energy resistance 1, regeneration 1, petrification resistance, rot
immunity, AC +8
a: Stomp, Line Pass, Grand Finale, Renounce Religion


You were on level 12 of the Dungeon.
You worshipped Uskayaw.
Uskayaw was noncommittal.
You were a tree.
You visited 2 branches of the dungeon, and saw 13 of its levels.
You also visited: Sewer and Ossuary.

You collected 816 gold pieces.
You spent 502 gold pieces at shops.

Inventory:

Hand Weapons
 a - a +2 hand crossbow
 v - the +2 long sword of Jepih (weapon) {freeze, rF+ Str-4 Dex+2}
   (You found it on level 5 of the Dungeon)

   It has been specially enchanted to freeze those struck by it, causing extra
   injury to most foes and up to half again as much damage against particularly
   susceptible opponents.
   It can also slow down cold-blooded creatures.
   It affects your strength (-4).
   It affects your dexterity (+2).
   It protects you from fire.
Missiles
 d - 3 bolts
Armour
 n - a +0 cloak of preservation
 o - a +0 scale mail (melded)
 t - the +15 Maxwell's patent armour {-Cast -Tele rElec MR+ rCorr}
   (You found it on level 5 of the Dungeon)

   It insulates you from electricity.
   It affects your resistance to hostile enchantments.
   It prevents spellcasting.
   It prevents most forms of teleportation.
   It provides partial protection from all sources of acid and corrosion.
 B - a +0 hat of magic resistance (melded)
 D - a +2 helmet
 E - a +0 pair of gloves of dexterity (melded)
 F - a +0 cloak (melded)
Jewellery
 f - a ring of positive energy (left branch)
 i - an amulet of magic regeneration (around neck)
 q - a +6 ring of intelligence (right branch)
 u - an uncursed ring of wizardry
Wands
 b - a wand of enslavement (10)
 h - a wand of flame (13)
 m - a wand of digging (15)
 C - a wand of paralysis (9)
 I - a wand of disintegration (6)
 M - a wand of polymorph (5)
 N - a wand of random effects (19)
Scrolls
 c - a scroll of magic mapping
 l - 8 scrolls of remove curse
 w - 4 scrolls of fog
 y - 4 scrolls of enchant weapon
 O - 3 scrolls of summoning
Potions
 j - 3 potions of flight
 k - a potion of cancellation
 p - 3 potions of magic
 r - 3 potions of haste
 x - 3 potions of might
 A - 2 potions of stabbing
 G - a potion of brilliance
 J - a potion of mutation
 L - a potion of resistance
 Q - a potion of ambrosia


   Skills:
 + Level 9.8 Fighting
 - Level 5.1 Long Blades
 - Level 11.9 Crossbows
 - Level 4.0 Armour
 - Level 1.5 Dodging
 - Level 1.1 Stealth
 - Level 6.2 Invocations
 + Level 9.9 Evocations


You had 8 spell levels left.
You knew the following spells:

 Your Spells              Type           Power        Failure   Level
a - Frozen Ramparts       Ice            #.....       54%         3

Your spell library contained the following spells:

 Spells                   Type           Power        Failure   Level
 Freeze                   Ice            #...         22%         1
 Ozocubu's Armour         Ice            #.......     54%         3
 Hailstorm                Conj/Ice       #.......     91%         4
 Summon Ice Beast         Ice/Summ       #.......     91%         4


Dungeon Overview and Level Annotations

Branches:
Dungeon (12/15)            Temple (1/1) D:5            Lair (0/6) D:10
    Orc (0/2) D:12          Sewer (visited)         Ossuary (visited)

Altars:
Ashenzari
Cheibriados
Dithmenos
Elyvilon
Fedhas
Gozag
Hepliaklqana
Kikubaaqudgha
Makhleb
Nemelex Xobeh
Okawaru
Qazlal
Ru
Sif Muna
Trog
Uskayaw
Vehumet
Wu Jian
Xom
Yredelemnul
Zin
The Shining One
Beogh

Shops:
D:7 [   D:11 !

Annotations:
D:6 Prince Ribbit
D:10 1 runed translucent door, Hastur's ghost, journeyman PaAr
D:11 3 runed translucent doors, Efficiency's ghost, novice DDDe; Kinoniko's ghost, novice DrFi; P0WERM0DE's ghost, novice OpDe


Innate Abilities, Weirdness & Mutations

You are resistant to torment.
((Your stone body is resilient. (AC +8)))
You are immune to poison.
You resist negative energy. (rN+)
((You are resistant to electric shocks. (rElec)))
((You can survive without breathing.))
You are immune to petrification.
You are immune to rotting.
((You are partially covered in yellow scales. (AC +2)))
((You can translocate small distances at will.))
Your natural rate of healing is unusually fast.


Message History

Aiming: Disintegrate
Press: ? - help, Shift-Dir - straight line, f/p - two-headed ogre
Aim: a two-headed ogre, wielding a +0 giant spiked club and a +0 giant club (black smoke, moderately wounded, chance to defeat MR: 80%)
The two-headed ogre is blasted!
The two-headed ogre hits you but does no damage. x2
Unknown command.
Evoke which item? (* to show all) (? for menu, Esc to quit)
Aiming: Disintegrate
Press: ? - help, Shift-Dir - straight line, f/p - two-headed ogre
Aim: a two-headed ogre, wielding a +0 giant spiked club and a +0 giant club (black smoke, heavily wounded, chance to defeat MR: 80%)
The two-headed ogre is blasted!!
You blow up the two-headed ogre!
Your transformation is almost over.
You can now merge with and destroy a victim.
Evoke which item? (* to show all) (? for menu, Esc to quit)
Aiming: Disintegrate
Press: ? - help, Shift-Dir - straight line, f - boulder beetle
Aim: a boulder beetle (black smoke, heavily wounded, chance to defeat MR: 80%)
The boulder beetle barely resists.
The boulder beetle hits you!
You die...

##..>.............####...#
#
##....###.........####..#
# #......# ##.....B...#
#..# # ........#
##........###..# ..
#........ ##○O...........
.. ##..##...
##§..#####.... ##. ##..
#§### #.... # #. ##B# #♣§#
####


You could see a boulder beetle.

Vanquished Creatures
  A centaur warrior (D:11)
  Erica (D:9)
  4 two-headed ogres
  An unseen horror (D:12)
  2 manticores
  Maurice (D:8)
  3 cyclopes
  2 centaur skeletons (D:12)
  A gargoyle (D:10)
  2 trolls (D:10)
  2 hornets
  A wraith (D:12)
  Sigmund (D:2)
  A vampire (D:12)
  A yak (D:12)
  3 vampire mosquitoes (D:12)
  Menkaure (D:6)
  An acid dragon (D:12)
  2 ice beasts
  3 phantoms
  5 sky beasts
  2 black bears
  An orc warrior (D:7)
  An eye of draining (D:11)
  3 boggarts (D:11)
  9 centaurs
  4 ogres
  13 bullfrogs
  3 big kobolds
  2 wyvern skeletons
  15 scorpions
  17 killer bees
  6 wights
  A bullfrog zombie (D:7)
  A quasit (D:11)
  7 orc priests
  4 centaur zombies
  2 human zombies (Ossuary)
  10 hounds
  A jelly (D:7)
  12 orc wizards
  A bullfrog skeleton (D:11)
  Crazy Yiuf (D:6)
  Terence (D:2)
  2 iguanas
  9 worker ants
  A big kobold zombie (Ossuary)
  A hound skeleton (D:6)
  3 mummies (Ossuary)
  A worker ant zombie (D:7)
  Robin (D:3)
  13 adders
  7 river rats (Sewer)
  4 scorpion zombies (Ossuary)
  A shadow imp (D:5)
  5 white imps
  3 ufetubi
  3 oozes
  An adder zombie (D:6)
  2 adder skeletons
  A worm (D:4)
  A dart slug (D:4)
  4 leopard geckos
  76 orcs
  7 bats
  8 giant cockroaches
  5 gnoll zombies (Ossuary)
  7 hobgoblins
  8 jackals
  6 quokkas
  13 ball pythons
  6 frilled lizards
  10 goblins
  2 hobgoblin zombies (Ossuary)
  10 kobolds
  A kobold zombie (Ossuary)
  A quokka skeleton (D:7)
  24 rats
403 creatures vanquished.

Vanquished Creatures (collateral kills)
  3 killer bees (D:11)
3 creatures vanquished.

Vanquished Creatures (others)
  A scorpion (Ossuary)
  2 goblin zombies (Ossuary)
3 creatures vanquished.

Grand Total: 409 creatures vanquished

Notes
Turn   | Place    | Note
-------+----------+-------------------------------------------
     0 | D:1      | DogServant the Gargoyle Hunter began the quest for the Orb.
     0 | D:1      | Reached XP level 1. HP: 12/12 MP: 1/1
   740 | D:1      | Reached XP level 2. HP: 16/18 MP: 2/2
  1051 | D:2      | Noticed Sigmund
  1246 | D:2      | Killed Sigmund
  1246 | D:2      | Reached skill level 5 in Crossbows
  1246 | D:2      | Reached XP level 3. HP: 24/24 MP: 3/3
  1246 | D:2      | Reached XP level 4. HP: 30/30 MP: 4/4
  1246 | D:2      | Reached XP level 5. HP: 34/34 MP: 5/5
  1530 | D:2      | Noticed Terence
  1537 | D:2      | Killed Terence
  2283 | D:3      | Reached skill level 5 in Fighting
  2283 | D:3      | Reached XP level 6. HP: 16/40 MP: 6/6
  2506 | D:3      | Reached skill level 1 in Armour
  2678 | D:3      | Noticed Robin
  2705 | D:3      | Killed Robin
  2864 | D:3      | Noticed a sky beast
  2864 | D:3      | an ogre changed into a sky beast
  2872 | D:3      | Killed a sky beast
  2872 | D:3      | Reached skill level 6 in Crossbows
  3418 | D:4      | Noticed a water elemental
  3425 | D:4      | Found a stormy altar of Qazlal.
  3427 | D:4      | Noticed a fire elemental
  3428 | D:4      | Noticed an air elemental
  3622 | D:4      | Found a glowing drain.
  3633 | Sewer    | Entered a sewer
  3662 | Sewer    | Reached XP level 7. HP: 20/44 MP: 7/7
  3922 | Sewer    | Reached skill level 1 in Evocations
  4925 | D:4      | Reached XP level 8. HP: 51/51 MP: 8/8
  5271 | D:5      | Entered Level 5 of the Dungeon
  5325 | D:5      | Reached skill level 7 in Crossbows
  5443 | D:5      | Found the +15 Maxwell's patent armour {-Cast -Tele rElec
                  | MR+ rCorr}
  5767 | D:5      | Got a dazzling long sword
  5768 | D:5      | Identified the +2 long sword of Jepih {freeze, rF+ Str-4
                  | Dex+2} (You found it on level 5 of the Dungeon)
  5922 | D:5      | Found a staircase to the Ecumenical Temple.
  5991 | Temple   | Entered the Ecumenical Temple
  6247 | Temple   | Became a worshipper of Uskayaw the Reveler
  6330 | D:5      | Reached * piety under Uskayaw
  6370 | D:5      | Reached ** piety under Uskayaw
  6373 | D:5      | Reached *** piety under Uskayaw
  6377 | D:5      | Reached **** piety under Uskayaw
  6992 | D:6      | Reached skill level 1 in Invocations
  6998 | D:6      | Reached skill level 1 in Long Blades
  7167 | D:6      | Reached XP level 9. HP: 53/57 MP: 10/10
  7190 | D:6      | Found a runed translucent door.
  7191 | D:6      | Noticed Crazy Yiuf
  7232 | D:6      | Noticed Menkaure
  7239 | D:6      | Killed Menkaure
  7239 | D:6      | Reached skill level 8 in Crossbows
  7264 | D:6      | Noticed Prince Ribbit
  7563 | D:6      | Found a broken altar of Ashenzari.
  7646 | D:7      | HP: 1/57 [orc warrior/+0 flail (7)]
  8083 | D:7      | Found Yshoanof's Antique Armour Emporium.
  8091 | D:7      | Bought a runed helmet for 187 gold pieces
  8091 | D:7      | Bought a pair of glowing gloves for 187 gold pieces
  8183 | D:7      | Found a sand-covered staircase.
  8187 | Ossuary  | Entered an ossuary
  8574 | Ossuary  | Reached skill level 9 in Crossbows
  8717 | Ossuary  | Reached skill level 5 in Invocations
  8875 | D:7      | Noticed a hornet
  8938 | D:7      | Killed a hornet
  8938 | D:7      | Reached XP level 10. HP: 27/63 MP: 12/14
  8996 | D:7      | HP: 2/63 [killer bee (3)]
  9703 | D:8      | Noticed a two-headed ogre
  9710 | D:8      | Reached skill level 5 in Long Blades
  9804 | D:8      | Reached ***** piety under Uskayaw
  9847 | D:8      | Found a roughly hewn altar of Beogh.
  9944 | D:8      | Noticed Maurice
  9950 | D:8      | Killed Maurice
 10004 | D:8      | Killed a two-headed ogre
 10004 | D:8      | Reached skill level 10 in Crossbows
 10004 | D:8      | Reached skill level 5 in Evocations
 10935 | D:9      | Noticed Erica
 10987 | D:9      | Killed Erica
 11436 | D:9      | Reached XP level 11. HP: 40/67 MP: 15/15
 11729 | D:9      | Learned a level 3 spell: Frozen Ramparts
 11834 | D:10     | Entered Level 10 of the Dungeon
 12042 | D:10     | Reached skill level 11 in Crossbows
 12398 | D:10     | Found a runed translucent door.
 12398 | D:10     | Noticed Hastur's ghost (journeyman PaAr)
 12421 | D:10     | Found a glowing golden altar of the Shining One.
 12439 | D:10     | Found a staircase to the Lair.
 13171 | D:10     | Noticed an orc knight
 13204 | D:11     | Noticed a two-headed ogre
 13215 | D:11     | Killed a two-headed ogre
 13680 | D:11     | Found a runed translucent gate.
 13682 | D:11     | Noticed a manticore
 13689 | D:11     | Noticed a cyclops
 13697 | D:11     | Found Icatad's Distillery.
 13961 | D:11     | Bought a potion of mutation for 128 gold pieces
 13961 | D:11     | Gained mutation: Your natural rate of healing is unusually
                  | fast. [potion of mutation]
 13961 | D:11     | Gained mutation: You are partially covered in yellow
                  | scales. (AC +2) [potion of mutation]
 13961 | D:11     | Gained mutation: You can translocate small distances at
                  | will. [potion of mutation]
 14103 | D:11     | Noticed a centaur warrior
 14113 | D:11     | Killed a centaur warrior
 14141 | D:11     | Killed a manticore
 14201 | D:11     | Found a runed translucent gate.
 14202 | D:11     | Found a runed translucent gate.
 14282 | D:11     | Noticed Kinoniko's ghost (novice DrFi)
 14282 | D:11     | Noticed P0WERM0DE's ghost (novice OpDe)
 14282 | D:11     | Noticed Efficiency's ghost (novice DDDe)
 14485 | D:11     | Killed a cyclops
 15105 | D:12     | Found a shimmering altar of Xom.
 15170 | D:12     | Noticed a manticore
 15191 | D:12     | Killed a manticore
 15582 | D:12     | Noticed a cyclops
 15583 | D:12     | Noticed a two-headed ogre
 15584 | D:12     | Noticed a two-headed ogre
 15634 | D:12     | Reached XP level 12. HP: 32/75 MP: 16/16
 15815 | D:12     | Noticed a two-headed ogre
 16143 | D:12     | Noticed a two-headed ogre
 16158 | D:12     | Noticed a two-headed ogre
 16843 | D:6      | Killed Crazy Yiuf
 17001 | D:11     | Killed a two-headed ogre
 17026 | D:12     | Found a staircase to the Orcish Mines.
 17071 | D:12     | Noticed a boulder beetle
 17144 | D:12     | Killed a two-headed ogre
 17145 | D:12     | Slain by a boulder beetle

Illustrated notes

Levels and vault maps discovered:
D:1:      tarquinn_simple_flora_water_d, layout_loops_corners
D:2:      layout_basic, uniq_sigmund, uniq_terence
D:3:      layout_basic, kennysheep_generic_room_2, uniq_robin
D:4:      layout_loops_corners, nicolae_qazlal_style_of_elements,
          cheibrodos_sewer_entry_drain
D:5:      layout_cave_pools, temple_hall
D:6:      layout_gridville, ashenzari_altar_1, uniq_menkaure,
          uniq_crazy_yiuf_cottage, uniq_prince_ribbit1
D:7:      wander_river, layout_rooms, serial_shops, shop,
          nicolae_ossuary_entry_plus, chequers_arboretum
D:8:      layout_cave_pools, special_room [special_room_orc], uniq_maurice
D:9:      layout_loops_cross, uniq_erica
D:10:     layout_small_grid, lair_entry_dummy, basic_altar,
          ebering_ghost_inner_flame
D:11:     layout_gridville, serial_shops, shop, gammafunk_ghost_cemetery
D:12:     minmay_the_grid_octo_tiled_octocenter_mashed
          [minmay_the_grid_octo_thin_diamonds, minmay_the_grid_octo_pinwheel,
          minmay_the_grid_octo_horde, minmay_the_grid_octo_teeth,
          minmay_the_grid_octo_prize_big_c, minmay_the_grid_square_5x5_minimal,
          minmay_the_grid_square_5x5_empty, minmay_the_grid_square_5x5_n,
          minmay_the_grid_square_5x5_half_checkered], layout_layer_cave,
          basic_altar
Temple:   nicolae_temple_the_god_donut

Skill      XL: |  1  2  3  4  5  6  7  8  9 10 11 12 |
---------------+-------------------------------------+-----
Fighting       | 4 5 7 8 9 |  9.8
Crossbows      | 5 6 7 9 10 11 | 11.9
Armour         | 3 4 |  4.0
Evocations     | 2 4 6 9 |  9.9
Invocations    | 1 5 6 |  6.2
Long Blades    | 1 4 5 |  5.1
Dodging        | |  1.5
Stealth        | |  1.1

Action                   |  1- 3 |  4- 6 |  7- 9 | 10-12 || total
-------------------------+-------+-------+-------+-------++-------
Melee: Short sword       |    37 |    72 |       |       ||   109
       Dagger            |       |   105 |   303 |       ||   408
       Long sword        |       |       |   271 |   568 ||   839
 Fire: Hand crossbow     |    17 |    34 |    99 |   177 ||   327
Throw: Dart              |       |       |     7 |    13 ||    20
Invok: Stomp             |       |       |       |     1 ||     1
       Line Pass         |       |       |       |     1 ||     1
Evoke: Wand              |       |     1 |       |    26 ||    27
  Use: Scroll            |     4 |     6 |    11 |    20 ||    41
       Potion            |     1 |     2 |     9 |    15 ||    27
 Stab: Paralysed         |       |       |    15 |    17 ||    32
Armor: Leather armour    |    19 |    23 |       |       ||    42
       Scale mail        |       |   118 |   479 |   609 ||  1206
       Skin              |       |       |       |    95 ||    95
Dodge: Dodged            |    33 |   159 |   461 |   479 ||  1132
       Rpst.: Long sword |       |       |    63 |   117 ||   180

Table legend: (Time is in decaauts)
 A = Elapsed time spent in this place.
 B = Non-inter-level travel time spent in this place.
 C = Inter-level travel time spent in this place.
 D = Time resting spent in this place.
 E = Time spent auto-exploring this place.
 F = Levels seen in this place.
 G = Mean time per level.
                   A        B        C        D        E       F      G
               +--------+--------+--------+--------+--------+-----+--------+
         Total |  17383 |  16504 |    879 |   3282 |   9877 |  15 | 1158.9 |
       Dungeon |  15648 |  14791 |    857 |   3282 |   8685 |  12 | 1304.0 |
        Temple |    278 |    256 |     22 |      0 |    232 |   1 |  278.0 |
         Sewer |    843 |    843 |      0 |      0 |    635 |   1 |  843.0 |
       Ossuary |    613 |    613 |      0 |      0 |    324 |   1 |  613.0 |
               +--------+--------+--------+--------+--------+-----+--------+

Top non-repeatable levels by time:
    D:10: 1860 daAuts
    D:11: 1704 daAuts
     D:7: 1595 daAuts
     D:5: 1346 daAuts
    D:12: 1229 daAuts
     D:6: 1211 daAuts
     D:9: 1198 daAuts
     D:3: 1165 daAuts
     D:2: 1142 daAuts
     D:4: 1125 daAuts
     D:1: 1072 daAuts
     D:8: 996 daAuts
   Sewer: 843 daAuts
 Ossuary: 613 daAuts
  Temple: 278 daAuts
